 Dungeon Crawl Stone Soup version 0.25-a0-424-g80bd347ae0 (webtiles) character file.

Game seed: 7782196867112360226, levelgen mode: deterministic

1735 kae the Transmogrifier (level 8, -4/59 HPs)
             Began as a Black Draconian Transmuter on Jan 23, 2020.
             Was a Follower of Uskayaw.
             Hit by a boomerang thrown by a hobgoblin (6 damage)
             ... in a bailey.
             The game lasted 00:09:29 (9458 turns).

kae the Transmogrifier (Black Draconian Transmuter) Turns: 9458, Time: 00:09:29

Health: -4/59      AC:  2    Str: 17    XL:     8   Next: 76%
Magic:  11/12      EV: 19    Int: 14    God:    Uskayaw [*.....]
Gold:   294        SH:  0    Dex: 19    Spells: 3/13 levels left

rFire    . . .     SeeInvis .     - Unarmed
rCold    . . .     Gourm    .   (shield currently unavailable)
rNeg     . . .     Faith    .   (armour unavailable)
rPois    x         Spirit   .   (helmet currently unavailable)
rElec    .         Reflect  .   (cloak currently unavailable)
rCorr    +         Harm     .   (gloves currently unavailable)
MR       .....                  (boots currently unavailable)
Stlth    ++........             (no amulet)
HPRegen  0.19/turn              s - ring of resist corrosion
MPRegen  0.13/turn              (no ring)

@: mighty, spider-form
A: tiny, (breathe lightning), unfitting armour, AC +6
a: End Transformation, Stomp, Renounce Religion


You were in a bailey.
You worshipped Uskayaw.
Uskayaw was noncommittal.
You were very hungry.
You were a venomous arachnid creature.
You visited 2 branches of the dungeon, and saw 8 of its levels.
You also visited: Bailey.

You collected 294 gold pieces.

Inventory:

Hand Weapons
 p - a +0 whip (melded)
Missiles
 a - 89 arrows
Jewellery
 s - a ring of resist corrosion (left front leg)
 v - an uncursed ring of ice {unknown}
Wands
 t - a wand of polymorph (8)
Scrolls
 e - a scroll of teleportation
 g - 2 scrolls of amnesia
 h - 2 scrolls of magic mapping
 j - a scroll of blinking
 m - 3 scrolls of remove curse
Potions
 i - a potion of flight {unknown}
 k - 2 potions of mutation {unknown}
 l - 2 potions of ambrosia {unknown}
 n - a potion of lignification {unknown}
 o - 3 potions of curing
 q - a potion of invisibility {unknown}
 r - a potion of agility {unknown}
 w - a potion of brilliance {unknown}
Comestibles
 c - 6 rations


   Skills:
 - Level 1.1 Fighting
 - Level 1.7 Dodging
 - Level 3.0 Unarmed Combat
 - Level 3.0 Spellcasting
 * Level 11.0 Transmutations


You had 3 spell levels left.
You knew the following spells:

 Your Spells              Type           Power        Failure   Level  Hunger
a - Beastly Appendage     Tmut           ####..       2%          1    #......
b - Sticks to Snakes      Tmut           ####....     3%          2    ##.....
c - Spider Form           Tmut/Pois      ###.......   19%         3    ###....
d - Ice Form              Ice/Tmut       ###.....     43%         4    #####..

Your spell library contained the following spells:

 Spells                   Type           Power        Failure   Level  Hunger
 Blade Hands              Tmut           ####......   17%         5    ######.


Dungeon Overview and Level Annotations

Branches:
Dungeon (7/15)             Temple (1/1) D:5          Bailey (1/1)

Altars:
Ashenzari
Cheibriados
Dithmenos
Elyvilon
Fedhas
Gozag
Hepliaklqana
Kikubaaqudgha
Makhleb
Nemelex Xobeh
Okawaru
Qazlal
Ru
Sif Muna
Trog
Uskayaw
Vehumet
Wu Jian
Xom
Yredelemnul
The Shining One

Annotations:
D:4 3 runed translucent doors, Shadow153's ghost, amateur MiFi
D:7 Prince Ribbit


Innate Abilities, Weirdness & Mutations

((You can breathe wild blasts of lightning.))
((Your glossy black scales are hard. (AC +6)))
You cannot fit into any form of body armour.
((You are resistant to electric shocks. (rElec)))
((You are cold-blooded and may be slowed by cold attacks.))


Message History

You are too injured to fight recklessly!
You are too injured to fight recklessly!
You are too injured to fight recklessly!
You feel very mighty all of a sudden.
The kobold throws a boomerang.
The boomerang closely misses you.
The weapon returns to the kobold!
The kobold hits you.
The gnoll hits you from afar with a +2 halberd of electrocution.
You are electrocuted!
* * * LOW HITPOINT WARNING * * *
The gnoll barely misses you.
There is an open door here.
You barely miss the kobold. The kobold closely misses you.
The gnoll hits you from afar with a +2 halberd of electrocution!
* * * LOW HITPOINT WARNING * * *
You hit the kobold.
You kill the kobold!
The gnoll closely misses you.
The hobgoblin throws a boomerang.
The boomerang hits you.
You die...

## ## # .#
#.#
'##'##'#
#.....#
##.....###
'..∩..'.#
#gg...#
##(g...#
##s##'##'#
#∩## # ###


You could see 2 gnolls and a hobgoblin.

Vanquished Creatures
  Grinder (D:6)
  Sigmund (D:5)
  Edmund (D:6)
  A black bear (D:7)
  An ice beast (D:6)
  2 centaurs
  2 bullfrogs (D:6)
  A scorpion (D:7)
  A crimson imp (D:6)
  A jelly (D:6)
  An orc priest (D:6)
  3 orc wizards
  A bullfrog skeleton (D:6)
  2 hounds
  An iguana (D:7)
  5 worker ants
  6 gnolls
  A worker ant zombie (D:6)
  11 adders
  A shadow imp (D:5)
  3 oozes
  2 adder skeletons
  A worm (D:2)
  2 dart slugs
  6 leopard geckos
  27 orcs
  A ball python (D:2)
  10 bats
  A bat zombie (D:2)
  5 giant cockroaches
  5 goblins
  12 hobgoblins
  17 jackals
  2 quokkas
  3 frilled lizards
  A giant cockroach zombie (D:6)
  6 kobolds
  A leopard gecko skeleton (D:4)
  5 rats
154 creatures vanquished.

Vanquished Creatures (collateral kills)
  An adder (D:2)
1 creature vanquished.

Grand Total: 155 creatures vanquished

Notes
Turn   | Place    | Note
-------+----------+-------------------------------------------
     0 | D:1      | kae the Draconian Transmuter began the quest for the Orb.
     0 | D:1      | Reached XP level 1. HP: 16/16 MP: 3/3
   329 | D:1      | Reached XP level 2. HP: 23/23 MP: 3/5
   477 | D:1      | Learned a level 2 spell: Sticks to Snakes
   724 | D:1      | You fall into a shaft and drop 1 floor!
   797 | D:2      | Reached skill level 3 in Transmutations
  1429 | D:2      | Reached XP level 3. HP: 28/28 MP: 3/6
  1508 | D:2      | Learned a level 3 spell: Spider Form
  2378 | D:2      | Reached XP level 4. HP: 34/35 MP: 4/8
  2547 | D:2      | Reached skill level 4 in Transmutations
  3101 | D:3      | Reached XP level 5. HP: 27/40 MP: 1/9
  3190 | D:3      | Reached skill level 5 in Transmutations
  4171 | D:4      | Reached XP level 6. HP: 44/47 MP: 6/10
  4184 | D:4      | Found a runed translucent gate.
  4185 | D:4      | Found a runed translucent gate.
  4185 | D:4      | Found an opulent altar of Gozag.
  4290 | D:3      | Reached skill level 6 in Transmutations
  4888 | D:4      | Found a runed translucent gate.
  5325 | D:4      | Noticed a yak
  5325 | D:4      | Noticed Shadow153's ghost (amateur MiFi)
  5343 | D:5      | Entered Level 5 of the Dungeon
  6084 | D:5      | Found a staircase to the Ecumenical Temple.
  6117 | Temple   | Entered the Ecumenical Temple
  6311 | Temple   | Became a worshipper of Uskayaw the Reveler
  6333 | D:5      | Learned a level 4 spell: Ice Form
  6345 | D:5      | Noticed Sigmund
  6395 | D:5      | Reached * piety under Uskayaw
  6398 | D:5      | Killed Sigmund
  6398 | D:5      | Reached skill level 7 in Transmutations
  6398 | D:5      | Your scales start taking on a glossy black colour.
  6398 | D:5      | Reached XP level 7. HP: 29/52 MP: 8/11
  6398 | D:5      | Gained mutation: You are resistant to electric shocks.
                  | (rElec) [Black Draconian growth]
  6398 | D:5      | Reached ** piety under Uskayaw
  7118 | D:6      | Noticed Grinder
  7130 | D:6      | Killed Grinder
  7130 | D:6      | Reached skill level 8 in Transmutations
  7493 | D:6      | Reached skill level 9 in Transmutations
  7493 | D:6      | Reached XP level 8. HP: 20/59 MP: 10/12
  7879 | D:6      | Reached *** piety under Uskayaw
  8265 | D:6      | Noticed Edmund
  8288 | D:6      | Killed Edmund
  8288 | D:6      | Reached skill level 10 in Transmutations
  8611 | D:7      | Noticed Prince Ribbit
  9145 | D:7      | Reached skill level 11 in Transmutations
  9150 | D:7      | Found a flagged portal.
  9177 | Bailey   | Entered a bailey
  9457 | Bailey   | HP: 2/59 [gnoll/+2 halberd of electrocution (11)]
  9458 | Bailey   | Hit by a boomerang thrown by a hobgoblin

Levels and vault maps discovered:
D:1:      dpeg_arrival_pits, layout_basic
D:2:      layout_rooms, serial_undead, serial_undead_b, serial_undead_c,
          serial_undead_b, serial_undead_e, serial_undead_b, serial_undead_d,
          minmay_nonomino_d4
D:3:      layout_basic, kennysheep_generic_room_15
D:4:      layout_cave_pools, ebering_ghost_gozag, first_ration
D:5:      layout_basic, minmay_temple_entry_glass, uniq_sigmund
D:6:      layout_basic, serial_glass, glass_columns_c, glass_columns_c,
          minivault_19, uniq_grinder, uniq_edmund
D:7:      layout_loops_cross, enter_bailey_2, minmay_misc_feat_pillars,
          lemuel_blue_sif_altar, uniq_prince_ribbit1, uniq_crazy_yiuf_cottage,
          uniq_pikel
Temple:   minmay_crystal_snake_temple
Bailey:   bailey_axe_2, bailey

Skill      XL: |  1  2  3  4  5  6  7  8 |
---------------+-------------------------+-----
Transmutations | 3 4 5 7 9 11 | 11.0
Spellcasting   | 3 |  3.0
Fighting       | |  1.1
Dodging        | |  1.7
Unarmed Combat | |  3.0

Action                   |  1- 3 |  4- 6 |  7- 9 || total
-------------------------+-------+-------+-------++-------
Melee: Unarmed           |   146 |   198 |   174 ||   518
       Tailslap          |     9 |    18 |    13 ||    40
       Headbutt          |     3 |     8 |     3 ||    14
       Kick              |     1 |     7 |       ||     8
       Whip              |       |   113 |    80 ||   193
       Punch             |       |     1 |       ||     1
 Cast: Beastly Appendage |     9 |    16 |     1 ||    26
       Sticks to Snakes  |     5 |       |       ||     5
       Spider Form       |     1 |    14 |    18 ||    33
 Abil: Breathe Lightning |       |       |     1 ||     1
  Use: Potion            |     1 |       |     2 ||     3
       Scroll            |       |     7 |     4 ||    11
 Stab: Sleeping          |     2 |       |     2 ||     4
       Paralysed         |       |       |     1 ||     1
  Eat: Chunk             |     5 |    12 |     8 ||    25
       Ration            |       |     1 |     1 ||     2
Armor: Skin              |    59 |    91 |    40 ||   190
Dodge: Dodged            |   112 |   250 |   237 ||   599

Table legend:
 A = Non-vault XP
 B = Vault XP
 C = Vault XP percentage of total XP
 D = Non-vault monster count
 E = Vault monster count
 F = Vault count percentage of total count
                 A         B        C        D         E       F
            +---------+---------+-------+---------+---------+-------
      Total |    1753 |     726 |  29.3 |     136 |      19 |  12.3
            +---------+---------+-------+---------+---------+-------
        D:1 |      44 |       0 |   0.0 |      21 |       0 |   0.0
        D:2 |      71 |      56 |  44.1 |      21 |      10 |  32.3
        D:3 |     191 |      10 |   5.0 |      30 |       2 |   6.2
        D:4 |     117 |       0 |   0.0 |      17 |       0 |   0.0
        D:5 |      75 |     212 |  73.9 |      10 |       1 |   9.1
        D:6 |     853 |     441 |  34.1 |      29 |       2 |   6.5
        D:7 |     402 |       0 |   0.0 |       8 |       0 |   0.0
     Bailey |       0 |       7 | 100.0 |       0 |       4 | 100.0
            +---------+---------+-------+---------+---------+-------
